[Event "November 21 Early 2023"]
[Site "https://www.chess.com"]
[Date "2023.11.21"]
[Round "6"]
[White "Manukian, Artak"]
[Black "Kubatko, Ivan"]
[Result "1-0"]
[Board "105"]
[TimeControl "180+1"]
[WhiteFideId "13301373"]
[BlackFideId "24111473"]
[WhiteElo "2030"]
[BlackElo "2285"]
[WhiteTeam "ARM"]
[BlackTeam "RUS"]
[WhiteClock "0:00:17"]
[BlackClock "0:00:02"]

1. e4 d5 2. exd5 Qxd5 3. Nc3 Qa5 4. d4 Nf6 5. Bc4 Bg4 6. f3 Be6 7. Bxe6 fxe6 8. Qe2 Nc6 9. Be3 O-O-O 10. O-O-O e5 11. dxe5 Rxd1+ 12. Qxd1 Nxe5 13. Nge2 e6 14. Qd4 Bd6 15. Rd1 Nc6 16. Qc4 Re8 17. Qb5 Qxb5 18. Nxb5 Bxh2 19. g3 a6 20. Nbc3 Ne5 21. Rf1 Nh5 22. Rf2 Bxg3 23. Nxg3 Nxg3 24. Bf4 Ng6 25. Bxg3 h5 26. Rh2 Rh8 27. Ne4 h4 28. Bf2 e5 29. Ng5 Kd7 30. Kd2 Rh5 31. Be3 Ke7 32. Ke2 Kf6 33. Ne4+ Kf5 34. Kf2 Ke6 35. Nc5+ Kd5 36. Nxb7 Ne7 37. Nc5 Nf5 38. Ne4 g5 39. b3 Nd4 40. c4+ Ke6 41. Nxg5+ Kf5 42. Bxd4 Kxg5 43. Bxe5 c6 44. c5 Kf5 45. Bd6 Rh7 46. Ke3 Ke6 47. Ke4 Kf6 48. f4 Ke6 49. f5+ Kf6 50. Be5+ Kf7 51. Kf4 h3 52. Kg4 1-0

[Event "November 21 Early 2023"]
[Site "https://www.chess.com"]
[Date "2023.11.21"]
[Round "6"]
[White "Weisz, Bryan"]
[Black "GatoRojo150"]
[Result "1-0"]
[Board "106"]
[TimeControl "180+1"]
[WhiteFideId "30934133"]
[WhiteElo "2444"]
[BlackElo "2579"]
[WhiteTeam "USA"]
[WhiteClock "0:01:10"]
[BlackClock "0:00:00"]

1. e4 e5 2. Bc4 Nf6 3. Nc3 Nxe4 4. Qh5 Nd6 5. Bb3 Nc6 6. Nb5 g6 7. Qf3 f5 8. Qd5 Qf6 9. Nxc7+ Kd8 10. Nxa8 b6 11. Nf3 Bb7 12. d4 Nxd4 13. Qxd4 Bxf3 14. Qa4 Bxa8 15. Qxa7 Bxg2 16. Rg1 Nc8 17. Qb8 Qc6 18. Qxe5 Qe4+ 19. Qxe4 Bxe4 20. Bg5+ Kc7 21. Bf6 Bb4+ 22. c3 Rf8 23. Bg7 Bc5 24. Bxf8 Bxf8 25. O-O-O Bc5 26. Bc2 Bxf2 27. Rgf1 Be3+ 28. Kb1 Nd6 29. Bxe4 Nxe4 30. Kc2 Bc5 31. b4 Bd6 32. a4 Bxh2 33. Rh1 Be5 34. Rxh7 Bxc3 35. Rdxd7+ Kc6 36. Kb3 1-0

[Event "November 21 Early 2023"]
[Site "https://www.chess.com"]
[Date "2023.11.21"]
[Round "6"]
[White "FREDERICKtheMATE"]
[Black "Ljukin, Sergei"]
[Result "0-1"]
[Board "107"]
[TimeControl "180+1"]
[BlackFideId "14102200"]
[WhiteElo "2563"]
[BlackElo "2312"]
[BlackTeam "UKR"]
[WhiteClock "0:01:12"]
[BlackClock "0:00:37"]

1. Nf3 d5 2. c4 c6 3. b3 Nf6 4. Bb2 e6 5. e3 Nbd7 6. Be2 Bd6 7. O-O e5 8. d4 e4 9. Ne5 Qe7 10. Nxd7 Bxd7 11. c5 Bc7 12. b4 h5 13. h3 Be6 14. Re1 Qd7 15. Bf1 g5 16. a4 h4 17. b5 g4 18. hxg4 Nxg4 19. Qc2 Bb8 20. f4 exf3 21. gxf3 Nh2 22. Nd2 Bh3 23. e4 Rg8+ 24. Kh1 Bxf1 25. exd5+ Kd8 26. dxc6 Qh3 0-1

[Event "November 21 Early 2023"]
[Site "https://www.chess.com"]
[Date "2023.11.21"]
[Round "6"]
[White "Ishbaev, Alibek"]
[Black "Herzog2012"]
[Result "1-0"]
[Board "108"]
[TimeControl "180+1"]
[WhiteFideId "14205017"]
[WhiteElo "2404"]
[BlackElo "2552"]
[WhiteTeam "UZB"]
[WhiteClock "0:00:21"]
[BlackClock "0:00:05"]

1. c4 Nf6 2. Nc3 e5 3. g3 d5 4. cxd5 Nxd5 5. Bg2 Nb6 6. Nf3 Nc6 7. O-O Be7 8. Rb1 O-O 9. b4 a6 10. a4 Nxb4 11. Nxe5 a5 12. d4 c6 13. e3 Be6 14. Nd3 Nxd3 15. Qxd3 Bc4 16. Qc2 Bxf1 17. Bxf1 Bb4 18. Na2 Nd5 19. Bc4 Qd7 20. Qb3 Nb6 21. Bd3 c5 22. dxc5 Nxa4 23. Nxb4 axb4 24. Qc2 h6 25. Rxb4 Nxc5 26. Bf5 Qc6 27. Bb2 Ne6 28. Rc4 Qd5 29. Be4 Qh5 30. h4 Rab8 31. Qc3 Qd1+ 32. Kg2 b5 33. Rc6 Qg4 34. f3 Nf4+ 35. exf4 b4 36. Qd4 Rbd8 37. fxg4 Rxd4 38. Bxd4 Rd8 39. Be3 Re8 40. Kf3 Rb8 41. Rb6 Rc8 42. Rxb4 g6 43. h5 gxh5 44. gxh5 Rd8 45. g4 Re8 46. Bd4 Rd8 47. Be5 Re8 48. Rb8 Rxb8 49. Bxb8 f5 50. Bxf5 Kg7 51. Bg6 Kg8 52. g5 hxg5 53. fxg5 Kg7 54. Kg4 Kg8 55. h6 Kf8 56. Bc2 Ke7 57. g6 Kd7 58. g7 Kc6 59. g8=Q Kc5 60. Qc8+ Kd5 61. Bb3+ Ke4 62. Qc4+ Ke3 63. Bf4+ Kf2 64. Qc2+ Ke1 65. Bg3+ Kf1 66. Bc4+ Kg1 67. Qf2+ Kh1 68. Qh2# 1-0

[Event "November 21 Early 2023"]
[Site "https://www.chess.com"]
[Date "2023.11.21"]
[Round "6"]
[White "Shuvalov, Evgenij"]
[Black "Zaksaite, Salomeja"]
[Result "1/2-1/2"]
[Board "109"]
[TimeControl "180+1"]
[WhiteFideId "4187237"]
[BlackFideId "12801496"]
[WhiteElo "2059"]
[BlackElo "2065"]
[WhiteTeam "FID"]
[BlackTeam "LTU"]
[WhiteClock "0:00:38"]
[BlackClock "0:00:02"]

1. d4 Nf6 2. c4 g6 3. Nc3 d5 4. Nf3 Bg7 5. Qb3 dxc4 6. Qxc4 O-O 7. e4 Bg4 8. Be3 Nfd7 9. Rd1 Nb6 10. Qb3 Nc6 11. Be2 Bxf3 12. gxf3 Nxd4 13. Bxd4 Bxd4 14. Nb5 c5 15. h4 h5 16. f4 e6 17. f5 exf5 18. exf5 Kg7 19. Nxd4 cxd4 20. Qb4 Qf6 21. Rg1 Qxf5 22. Qxd4+ Qf6 23. Bxh5 Rfe8+ 24. Kf1 Rad8 25. Qxf6+ Kxf6 26. Rxd8 Rxd8 27. Bf3 Rd2 28. Bxb7 Rxb2 29. a3 Nc4 30. Bd5 Rb1+ 31. Kg2 Rxg1+ 32. Kxg1 Nxa3 33. Kf1 Nb5 34. Ke1 Nd6 35. Bf3 Ke5 36. h5 gxh5 37. Bxh5 Kd4 38. Kd2 f5 39. Kc2 a5 40. Kb3 Ne4 41. f4 Nd6 42. Ka4 Nc4 43. Bf7 Kc5 44. Be6 Nb6+ 45. Kxa5 Nc4+ 46. Ka4 Ne3 47. Bxf5 Kd4 48. Be6 Ke4 49. f5 Nxf5 1/2-1/2

[Event "November 21 Early 2023"]
[Site "https://www.chess.com"]
[Date "2023.11.21"]
[Round "6"]
[White "AC_20"]
[Black "elmusmolamas"]
[Result "1/2-1/2"]
[Board "110"]
[TimeControl "180+1"]
[WhiteElo "2380"]
[BlackElo "2549"]
[WhiteClock "0:00:07"]
[BlackClock "0:00:04"]

1. e4 c6 2. Nf3 g6 3. d3 Bg7 4. Nc3 b5 5. Be2 b4 6. Nb1 a5 7. O-O d6 8. c3 c5 9. d4 Nd7 10. Bb5 Ba6 11. Qa4 Bxb5 12. Qxb5 Qb6 13. Qxb6 Nxb6 14. Be3 Nc4 15. dxc5 Nxe3 16. fxe3 dxc5 17. Ng5 Nh6 18. Nd2 bxc3 19. bxc3 Bxc3 20. Rad1 O-O 21. Nc4 Rfd8 22. Rc1 Bf6 23. Nf3 a4 24. Nb6 Ra6 25. Nd5 Rc8 26. e5 Rd8 27. Rxc5 Bg7 28. Nxe7+ Kf8 29. Nd5 Nf5 30. e4 Nh6 31. Ng5 Bxe5 32. Rb5 Kg7 33. Rb7 Rf8 34. h4 a3 35. Rf3 Bd4+ 36. Kf1 Bb2 37. Nf4 Kg8 38. Nd3 Rf6 39. Nxb2 Rxf3+ 40. gxf3 axb2 41. Rxb2 Ra8 42. Ke2 Ra3 43. Kf2 Kg7 44. Kg3 Ng8 45. Kf4 Nf6 46. Rb7 Nh5+ 47. Kg4 Nf6+ 48. Kh3 Kg8 49. Rxf7 Nxe4 50. Rf4 Nxg5+ 51. hxg5 Rxa2 52. Kg4 Ra5 53. Re4 Kg7 54. f4 Ra7 55. Rd4 Rf7 56. Rd5 h5+ 57. gxh6+ Kxh6 58. Rd6 Rb7 59. Rd5 Rb4 60. Rd6 Rb1 61. Rd7 Rg1+ 62. Kf3 Rf1+ 63. Kg4 Rg1+ 64. Kf3 Rh1 65. Kg4 Re1 66. Kf3 Re8 67. Kg4 Rc8 68. Rd6 Rc5 69. Kf3 Kh5 70. Rd8 Rc3+ 71. Ke4 Rc4+ 72. Ke5 Rc1 73. Rh8+ Kg4 74. Rg8 Rc5+ 75. Kf6 Rc6+ 76. Kf7 Kf5 77. Rg7 Rc7+ 78. Kg8 Rc8+ 79. Kh7 Rc6 80. Rf7+ Kg4 81. Rg7 Kh5 82. Kg8 Rf6 83. Kh7 Re6 84. Kg8 Rc6 85. Kh7 Rf6 86. Rg8 Rf7+ 87. Rg7 Rf6 88. Rg8 Kg4 89. Rxg6+ Rxg6 90. Kxg6 Kxf4 1/2-1/2

[Event "November 21 Early 2023"]
[Site "https://www.chess.com"]
[Date "2023.11.21"]
[Round "6"]
[White "mkllnd1517"]
[Black "Andriasian, Zaven"]
[Result "0-1"]
[Board "111"]
[TimeControl "180+1"]
[BlackFideId "13302000"]
[WhiteElo "2367"]
[BlackElo "2624"]
[BlackTeam "ARM"]
[WhiteClock "0:00:00"]
[BlackClock "0:02:02"]

1. d4 Nf6 2. c4 g6 3. Nc3 Bg7 4. e4 d6 5. Nf3 O-O 6. Be2 Nbd7 7. O-O e5 8. Qc2 exd4 9. Nxd4 Re8 10. Be3 a6 11. Rad1 h5 12. h3 Nc5 13. f3 Ne6 14. b4 h4 15. Nxe6 Bxe6 16. c5 Nh5 17. cxd6 cxd6 18. Nd5 Rc8 19. Qd2 Ng3 20. Rf2 Bxd5 21. Qxd5 Rc2 22. Bc4 Rxf2 23. Kxf2 Qf6 24. Kg1 b5 25. Bb3 Ne2+ 26. Kf2 Nc3 27. Qb7 Nxe4+ 28. Kg1 Nc3 29. Rxd6 Qf5 30. Bxf7+ Qxf7 31. Rd7 Qf6 32. Bd4 Ne2+ 33. Kf2 Nxd4 34. Rxg7+ Qxg7 35. Qd5+ Ne6 0-1

[Event "November 21 Early 2023"]
[Site "https://www.chess.com"]
[Date "2023.11.21"]
[Round "6"]
[White "Redzisz, Michal"]
[Black "Mejia, Cherry Ann"]
[Result "1-0"]
[Board "112"]
[TimeControl "180+1"]
[WhiteFideId "21816107"]
[BlackFideId "5206880"]
[WhiteElo "2068"]
[BlackElo "2009"]
[WhiteTeam "POL"]
[BlackTeam "PHI"]
[WhiteClock "0:00:17"]
[BlackClock "0:01:28"]

1. Nf3 d5 2. d4 Nf6 3. c4 dxc4 4. Nc3 a6 5. a4 Nc6 6. e4 Na5 7. Ne5 Nb3 8. Bxc4 Qxd4 9. Bxf7+ Kd8 10. Bxb3 Qxd1+ 11. Kxd1 Ng4 12. Nf7+ Ke8 13. Nxh8 Nxf2+ 14. Kc2 Nxh1 15. Be3 e6 16. Rxh1 Bd7 17. Rf1 b5 18. Nf7 c5 19. Ne5 c4 20. Nxd7 Kxd7 21. axb5 cxb3+ 22. Kxb3 axb5 23. Rf7+ Kc6 24. Bf4 Rd8 25. Be5 g6 26. Kc2 b4 27. Ne2 Bh6 28. Nd4+ Kc5 29. Nxe6+ Kc4 30. Nxd8 b3+ 31. Kd1 Kd3 32. Rf3+ Kxe4 33. Nf7 Bf8 34. Ng5+ Kxe5 35. Rxf8 h6 36. Nf3+ Ke4 37. Rf6 g5 38. Rxh6 g4 39. Nd2+ Ke3 40. Nxb3 Kf2 41. Rg6 Kxg2 42. Rxg4+ Kh3 43. Rg8 Kh4 44. Ke2 Kh5 45. Kf3 Kh6 46. Kf4 Kh7 47. Rg3 Kh6 48. Kf5 Kh7 49. Kf6 Kh8 50. Kf7 1-0

[Event "November 21 Early 2023"]
[Site "https://www.chess.com"]
[Date "2023.11.21"]
[Round "6"]
[White "Jovic, Stanoje"]
[Black "Silvestre, Christian"]
[Result "1-0"]
[Board "113"]
[TimeControl "180+1"]
[WhiteFideId "905020"]
[BlackFideId "30956269"]
[WhiteElo "2249"]
[BlackElo "2349"]
[WhiteTeam "SRB"]
[BlackTeam "USA"]
[WhiteClock "0:00:23"]
[BlackClock "0:00:12"]

1. c4 Nf6 2. g3 g6 3. Bg2 Bg7 4. Nc3 O-O 5. Nf3 c6 6. O-O d5 7. cxd5 Nxd5 8. e4 Nxc3 9. bxc3 Bg4 10. Rb1 b5 11. d4 a5 12. h3 Bc8 13. Be3 Nd7 14. Qc2 Nb6 15. Nd2 Ba6 16. Rfd1 Qc7 17. e5 Nd5 18. Ne4 Rfb8 19. Nc5 Bc8 20. g4 e6 21. Qd2 Nxe3 22. Qxe3 Bf8 23. Ne4 Be7 24. f4 Qd8 25. g5 Qf8 26. h4 Bd7 27. h5 Qg7 28. hxg6 hxg6 29. Rd2 b4 30. c4 a4 31. c5 Qh7 32. Bf3 Kf8 33. Rh2 Qg8 34. Kg2 Ke8 35. Rbh1 b3 36. Rh8 Qxh8 37. Rxh8+ Bf8 38. Nc3 bxa2 39. Nxa2 Rb2+ 40. Kg3 Rxa2 41. f5 gxf5 42. g6 fxg6 43. Qh6 Kf7 44. Rh7+ Ke8 45. Qxg6+ Kd8 46. Qf7 Ra7 47. Qxf8+ Kc7 48. Rxd7+ Kxd7 49. Qf7+ Kc8 50. Qxa7 a3 51. Bxc6 Kd8 52. Qd7# 1-0

[Event "November 21 Early 2023"]
[Site "https://www.chess.com"]
[Date "2023.11.21"]
[Round "6"]
[White "alfianasybullina"]
[Black "Omariev, Maksim"]
[Result "0-1"]
[Board "114"]
[TimeControl "180+1"]
[BlackFideId "4193423"]
[WhiteElo "2328"]
[BlackElo "2542"]
[BlackTeam "RUS"]
[WhiteClock "0:00:39"]
[BlackClock "0:00:28"]

1. Nf3 h5 2. d4 h4 3. h3 e6 4. c4 d5 5. Nc3 Be7 6. cxd5 exd5 7. Qb3 c6 8. Bf4 Nf6 9. e3 Nbd7 10. Bd3 Qb6 11. Qxb6 axb6 12. O-O b5 13. a3 Nb6 14. Ne5 Nc4 15. Nxc4 bxc4 16. Bc2 Be6 17. e4 dxe4 18. Nxe4 Nxe4 19. Bxe4 O-O-O 20. Rfd1 Rd7 21. Rd2 Rhd8 22. Rad1 Bf6 23. Be3 Kc7 24. Kf1 b5 25. Ke2 Bd5 26. Bf5 Re7 27. Kf1 g6 28. Bg4 Be4 29. Bf4+ Kb7 30. Be5 Bxe5 31. dxe5 Rxd2 32. Rxd2 Rxe5 33. Rd7+ Kb6 34. f4 Rd5 35. Rxf7 Rd2 36. Bc8 Bxg2+ 37. Ke1 Rxb2 0-1

[Event "November 21 Early 2023"]
[Site "https://www.chess.com"]
[Date "2023.11.21"]
[Round "6"]
[White "Fiedorek, Michal"]
[Black "Bobomurodova, Maftuna"]
[Result "0-1"]
[Board "115"]
[TimeControl "180+1"]
[WhiteFideId "1199528"]
[BlackFideId "14207400"]
[WhiteElo "2135"]
[BlackElo "1814"]
[WhiteTeam "POL"]
[BlackTeam "UZB"]
[WhiteClock "0:00:20"]
[BlackClock "0:00:07"]

1. e4 e5 2. Nf3 Nc6 3. Bc4 Bc5 4. c3 Nf6 5. d3 a6 6. a4 d6 7. O-O O-O 8. h3 h6 9. Re1 Ba7 10. Nbd2 Ne7 11. d4 Ng6 12. Nf1 Re8 13. Ng3 c6 14. Bb3 Qc7 15. Qc2 Be6 16. d5 cxd5 17. exd5 Bxd5 18. Bxd5 Nxd5 19. Nf5 Qd7 20. Bd2 Nde7 21. Ng3 Rad8 22. Rad1 Qc6 23. Nh5 Nd5 24. Qc1 Kh7 25. c4 Ndf4 26. Nxf4 exf4 27. Bxf4 Rxe1+ 28. Rxe1 Qxa4 29. Bg3 Qc6 30. Qc2 b5 31. b3 bxc4 32. bxc4 Rc8 33. Rc1 a5 34. Qf5 Qc7 35. h4 Kg8 36. Bxd6 Qb7 37. c5 a4 38. h5 Nf8 39. Ne5 Ne6 40. Rb1 Qd5 41. Qxf7+ Kh7 42. Qf5+ Kg8 43. Qf7+ Kh7 44. Rb7 Bxc5 45. Qxg7+ Nxg7 0-1

[Event "November 21 Early 2023"]
[Site "https://www.chess.com"]
[Date "2023.11.21"]
[Round "6"]
[White "Malikova777"]
[Black "Baches Garcia, Guillermo"]
[Result "1/2-1/2"]
[Board "116"]
[TimeControl "180+1"]
[BlackFideId "2209764"]
[WhiteElo "2301"]
[BlackElo "2526"]
[BlackTeam "ESP"]
[WhiteClock "0:00:40"]
[BlackClock "0:00:56"]

1. d4 d5 2. c4 e6 3. Nc3 a6 4. cxd5 exd5 5. Qb3 Nf6 6. Bg5 c6 7. Rc1 Nbd7 8. e3 h6 9. Bf4 Be7 10. Nf3 O-O 11. Bd3 Nh5 12. Be5 Nxe5 13. Nxe5 Nf6 14. O-O Bd6 15. f4 Qe7 16. Na4 Rb8 17. Nb6 Be6 18. a4 Nd7 19. f5 Nxe5 20. dxe5 Bxe5 21. fxe6 fxe6 22. Bb1 Qh4 23. g3 Bxg3 24. hxg3 Qxg3+ 25. Kh1 Qh3+ 26. Kg1 Qg3+ 27. Kh1 Qh3+ 28. Kg1 Qg3+ 1/2-1/2

[Event "November 21 Early 2023"]
[Site "https://www.chess.com"]
[Date "2023.11.21"]
[Round "6"]
[White "LeoLV10"]
[Black "SeLaPegoACualquiera"]
[Result "1-0"]
[Board "117"]
[TimeControl "180+1"]
[WhiteElo "2520"]
[BlackElo "2179"]
[WhiteClock "0:00:59"]
[BlackClock "0:00:34"]

1. e4 Nf6 2. e5 Nd5 3. c4 Nb6 4. d4 d6 5. exd6 cxd6 6. Nc3 g6 7. Be3 Nc6 8. Rc1 Bg7 9. Nf3 O-O 10. Be2 e5 11. d5 Ne7 12. b4 h6 13. O-O f5 14. Qb3 f4 15. Bd2 a5 16. a3 a4 17. Qa2 Kh7 18. Ne4 Bf5 19. Bd3 Bxe4 20. Bxe4 Nf5 21. Rfd1 g5 22. c5 dxc5 23. bxc5 Nc8 24. Bc3 Qe7 25. d6 Qf7 26. Qxf7 Rxf7 27. Nxe5 Rf8 28. Nd7 Rf7 29. Ne5 Bxe5 30. Bxe5 Na7 31. d7 Rd8 32. Bc7 Nc6 33. Bxc6 bxc6 34. Bxd8 1-0

[Event "November 21 Early 2023"]
[Site "https://www.chess.com"]
[Date "2023.11.21"]
[Round "6"]
[White "Bashirli, Saadat"]
[Black "Vasquez Schroeder, Rodrigo"]
[Result "0-1"]
[Board "118"]
[TimeControl "180+1"]
[WhiteFideId "13429990"]
[BlackFideId "3400042"]
[WhiteElo "1537"]
[BlackElo "2582"]
[WhiteTeam "AZE"]
[BlackTeam "CHI"]
[WhiteClock "0:00:45"]
[BlackClock "0:01:53"]

1. d4 Nf6 2. e3 g6 3. Bd3 Bg7 4. f4 d5 5. Nf3 O-O 6. O-O c5 7. c3 Bf5 8. Qc2 Bxd3 9. Qxd3 Qc7 10. Nbd2 Nbd7 11. Ne5 e6 12. e4 cxd4 13. cxd4 dxe4 14. Nxe4 Nxe4 15. Qxe4 Nf6 16. Qe2 Rac8 17. Be3 Nd5 18. Rac1 Qa5 19. a3 Qa4 20. Qd2 Rfd8 21. Rxc8 Rxc8 22. Rc1 Qe8 23. Kf2 h5 24. Rxc8 Qxc8 25. Qc1 Qd8 26. Qc4 Qh4+ 27. Kf3 Bxe5 28. dxe5 Qg4+ 29. Kf2 Qxg2+ 30. Ke1 Nxe3 31. Qc8+ Kg7 32. Qd8 Nd5 33. b4 Qh1+ 34. Kd2 Qxh2+ 35. Kd3 Qxf4 36. b5 h4 37. a4 Qxa4 38. Qd6 Qxb5+ 39. Kd4 Qb4+ 40. Kd3 Qxd6 41. exd6 Kf8 42. Kd4 Ke8 43. Ke5 Kd7 0-1

[Event "November 21 Early 2023"]
[Site "https://www.chess.com"]
[Date "2023.11.21"]
[Round "6"]
[White "Bogaudinov, Rushan"]
[Black "Krzyzanowski, Marcin"]
[Result "0-1"]
[Board "119"]
[TimeControl "180+1"]
[WhiteFideId "4129288"]
[BlackFideId "1132199"]
[WhiteElo "1908"]
[BlackElo "2471"]
[WhiteTeam "RUS"]
[BlackTeam "POL"]
[WhiteClock "0:00:00"]
[BlackClock "0:00:16"]

1. e4 g6 2. d4 Bg7 3. g3 e6 4. Bg2 Ne7 5. h4 h6 6. h5 g5 7. f4 gxf4 8. Bxf4 c5 9. d5 Bxb2 10. Nd2 Qa5 11. Rb1 Bg7 12. Ne2 e5 13. Be3 d6 14. O-O b5 15. a4 a6 16. Ra1 b4 17. c3 bxc3 18. Nc4 Qd8 19. Nxc3 O-O 20. a5 Ra7 21. Rb1 Rb7 22. Rxb7 Bxb7 23. Qb3 Qd7 24. Rb1 Ba8 25. Qb6 Qg4 26. Qxd6 Nf5 27. Bf2 Nxd6 28. Nxd6 Nd7 29. Nf5 Qxh5 30. Rf1 Nf6 31. Nh4 Ng4 0-1

[Event "November 21 Early 2023"]
[Site "https://www.chess.com"]
[Date "2023.11.21"]
[Round "6"]
[White "Sadubayev, Airat"]
[Black "Kovalevsky, Stanislav"]
[Result "0-1"]
[Board "120"]
[TimeControl "180+1"]
[WhiteFideId "13713264"]
[BlackFideId "13508598"]
[WhiteElo "2137"]
[BlackElo "2092"]
[WhiteTeam "KAZ"]
[BlackTeam "FID"]
[WhiteClock "0:00:11"]
[BlackClock "0:00:41"]

1. d4 d5 2. c4 c6 3. cxd5 cxd5 4. Nc3 Nf6 5. Bf4 Nc6 6. Nf3 a6 7. e3 Bg4 8. Qb3 Na5 9. Qa4+ Nc6 10. Ne5 Bd7 11. Nxd7 Qxd7 12. Bd3 e6 13. O-O Bd6 14. Bxd6 Qxd6 15. Qb3 O-O 16. Na4 Nd7 17. Rac1 b5 18. Nc5 Na5 19. Qc3 Nxc5 20. dxc5 Qc7 21. Qc2 h6 22. Qc3 Rfb8 23. b4 Nc4 24. e4 a5 25. exd5 exd5 26. Bxc4 axb4 27. Qxb4 bxc4 28. Qd2 Qxc5 29. Rfd1 Rd8 30. h3 d4 31. Qe2 d3 32. Rxd3 cxd3 33. Rxc5 dxe2 34. Re5 Rd1+ 35. Kh2 e1=Q 36. Rxe1 Rxe1 37. Kg3 Rxa2 38. Kf3 Ree2 39. Kf4 Rxf2+ 40. Ke5 Rxg2 41. Kd6 Ra1 42. Ke7 Rd1 43. Ke8 Re2# 0-1

[Event "November 21 Early 2023"]
[Site "https://www.chess.com"]
[Date "2023.11.21"]
[Round "6"]
[White "Rios Escobar, Adan"]
[Black "Sattarov, Bobir"]
[Result "0-1"]
[Board "121"]
[TimeControl "180+1"]
[WhiteFideId "3403645"]
[BlackFideId "14203081"]
[WhiteElo "2425"]
[BlackElo "2351"]
[WhiteTeam "CHI"]
[BlackTeam "UZB"]
[WhiteClock "0:00:00"]
[BlackClock "0:00:51"]

1. d4 Nf6 2. g3 c5 3. d5 g6 4. c4 d6 5. Nc3 Bg7 6. Nf3 O-O 7. Bg2 e6 8. O-O exd5 9. cxd5 Na6 10. Re1 Re8 11. Nd2 Rb8 12. a4 Nb4 13. Nc4 Ng4 14. Bf4 Ne5 15. Nxe5 Bxe5 16. Bxe5 Rxe5 17. e4 a6 18. f4 Re8 19. e5 Bf5 20. Ne4 dxe5 21. fxe5 Rxe5 22. d6 Bxe4 23. Rxe4 Qf6 24. d7 Rd8 25. Rxe5 Qxe5 26. Bxb7 c4 27. Bc8 Nd3 28. Qd2 Rxd7 29. Bxd7 Qd4+ 30. Kg2 Qd5+ 31. Kg1 Qd4+ 32. Kg2 Qxd7 33. Rd1 Qd5+ 34. Kg1 Qc5+ 35. Kg2 Qc6+ 36. Kg1 Qxa4 37. Kg2 Qc6+ 38. Kg1 Qb6+ 39. Kg2 h5 40. h3 Qd4 41. Kh2 h4 42. gxh4 Qxh4 43. Qe3 Qf6 44. Rd2 Ne5 45. Rd8+ Kg7 46. Rd5 Nc6 47. Qd2 Qe6 48. Kg2 Ne5 49. Qd4 f6 50. Rd8 Qc6+ 51. Qd5 Qb6 52. Qd4 Qb7+ 53. Qd5 Qxb2+ 54. Kg3 Qb3+ 55. Kg2 Qc2+ 56. Kg3 Qc3+ 57. Kg2 Qe3 58. Rg8+ Kh6 59. Rh8+ Kg5 60. h4+ Kg4 61. Qd1+ Nf3 62. Qd7+ f5 63. Qd1 c3 64. Rg8 Kf4 65. Rxg6 Nxh4+ 0-1

[Event "November 21 Early 2023"]
[Site "https://www.chess.com"]
[Date "2023.11.21"]
[Round "6"]
[White "Pace, Christopher"]
[Black "Poormosavi, Seyed Kian"]
[Result "1-0"]
[Board "122"]
[TimeControl "180+1"]
[WhiteFideId "2610167"]
[BlackFideId "12585807"]
[WhiteElo "2419"]
[BlackElo "2296"]
[WhiteTeam "CAN"]
[BlackTeam "IRI"]
[WhiteClock "0:00:40"]
[BlackClock "0:00:09"]

1. e4 c6 2. d4 d5 3. Nc3 dxe4 4. Nxe4 Nf6 5. Nxf6+ exf6 6. c3 Bf5 7. Ne2 h5 8. Ng3 Bg6 9. h4 Nd7 10. Bd3 Bxd3 11. Qxd3 g6 12. Bf4 Be7 13. O-O-O Nb6 14. c4 Kf8 15. Ne4 Qd7 16. d5 f5 17. Ng5 cxd5 18. cxd5 Bf6 19. Rhe1 Rc8+ 20. Kb1 Nc4 21. Re2 Kg7 22. d6 Rc6 23. Qd5 Rhc8 24. Re7 Na3+ 25. Ka1 Nc2+ 26. Kb1 Na3+ 27. Ka1 Bxb2+ 28. Kxb2 Rb6+ 29. Kxa3 Rc3+ 30. Qb3 Rbxb3+ 31. axb3 Qb5 32. Be5+ Kg8 33. Bxc3 Qc5+ 34. Kb2 Qxf2+ 35. Rd2 Qxh4 36. d7 1-0

[Event "November 21 Early 2023"]
[Site "https://www.chess.com"]
[Date "2023.11.21"]
[Round "6"]
[White "Darmanin, Jake"]
[Black "Skliarov, Viktor"]
[Result "1-0"]
[Board "123"]
[TimeControl "180+1"]
[WhiteFideId "5601061"]
[BlackFideId "14106736"]
[WhiteElo "2119"]
[BlackElo "2304"]
[WhiteTeam "MLT"]
[BlackTeam "UKR"]
[WhiteClock "0:00:44"]
[BlackClock "0:00:03"]

1. e4 c5 2. Nf3 Nc6 3. c3 Nf6 4. e5 Nd5 5. Bc4 Nb6 6. Bb3 c4 7. Bc2 Qc7 8. Qe2 g5 9. h3 Bg7 10. b3 Nxe5 11. Nxg5 Nd3+ 12. Bxd3 cxd3 13. Qxd3 Qe5+ 14. Qe3 Qxe3+ 15. fxe3 h6 16. Nf3 d5 17. Na3 Bf5 18. Nb5 Kd7 19. Nbd4 Bd3 20. Ne2 e5 21. Bb2 a5 22. Nc1 Ba6 23. d4 e4 24. Ne5+ Bxe5 25. dxe5 Ke6 26. Ne2 Bxe2 27. Kxe2 a4 28. Rhf1 Nd7 29. c4 dxc4 30. bxc4 a3 31. Bd4 Ra4 32. Rac1 Rc8 33. c5 Ra5 34. Rf4 Nxe5 35. Rxe4 f6 36. Rh4 b6 37. Rxh6 bxc5 38. Bc3 Rb5 39. Rf1 Rf8 40. g4 Nd7 41. g5 Rb6 42. Bxf6 Kd5 43. Rd1+ Kc6 44. Be7+ 1-0

[Event "November 21 Early 2023"]
[Site "https://www.chess.com"]
[Date "2023.11.21"]
[Round "6"]
[White "Ambartsumova, Karina"]
[Black "Mushini Ajay"]
[Result "1-0"]
[Board "124"]
[TimeControl "180+1"]
[WhiteFideId "4166299"]
[BlackFideId "35066188"]
[WhiteElo "2240"]
[BlackElo "2162"]
[WhiteTeam "RUS"]
[BlackTeam "IND"]
[WhiteClock "0:00:29"]
[BlackClock "0:00:00"]

1. d4 f5 2. Bf4 Nf6 3. Nc3 g6 4. e3 Bg7 5. Bd3 O-O 6. h4 Nh5 7. Bh2 d6 8. Nf3 Nc6 9. Qe2 e5 10. dxe5 Nxe5 11. Bxe5 dxe5 12. O-O-O Qe8 13. Nd5 e4 14. Bc4 Kh8 15. Ng5 c6 16. Nf4 Qe5 17. c3 Nxf4 18. exf4 Qxf4+ 19. Kb1 Qc7 20. h5 gxh5 21. Qxh5 h6 22. Nf7+ Rxf7 23. Bxf7 Bd7 24. Qg6 Be8 25. Rxh6+ 1-0

[Event "November 21 Early 2023"]
[Site "https://www.chess.com"]
[Date "2023.11.21"]
[Round "6"]
[White "Gubajdullin, Alexei"]
[Black "Haitin, Ilja"]
[Result "1-0"]
[Board "125"]
[TimeControl "180+1"]
[WhiteFideId "4141202"]
[BlackFideId "4501764"]
[WhiteElo "2280"]
[BlackElo "2221"]
[WhiteTeam "RUS"]
[BlackTeam "EST"]
[WhiteClock "0:01:02"]
[BlackClock "0:00:00"]

1. d4 d5 2. Nf3 Nf6 3. Bf4 c5 4. e3 Nc6 5. Nbd2 e6 6. c3 Bd6 7. Bg3 O-O 8. Bd3 b6 9. Ne5 Bb7 10. f4 Ne7 11. Qf3 Nf5 12. Bf2 Be7 13. Qh3 Nd6 14. g4 Nfe4 15. g5 Nf5 16. Rg1 a5 17. Rg4 a4 18. a3 b5 19. Nxe4 dxe4 20. Bxb5 cxd4 21. exd4 Qb6 22. c4 Ba6 23. Nd7 Qa5+ 24. Qc3 Bxb5 25. Qxa5 Rxa5 26. Nxf8 Be8 27. Rd1 Kxf8 28. d5 exd5 29. Rxd5 Rxd5 30. cxd5 e3 31. Bg1 Bb5 32. Rg2 Bc4 33. Rc2 Nd6 34. Bxe3 Bxd5 35. Bc5 Be6 36. Rf2 g6 37. Bd4 Nf5 38. Be5 Bb3 39. Rd2 Bc5 40. Rd8+ Ke7 41. Bf6+ Ke6 42. Rc8 Bd6 43. Ra8 Bxf4 44. Ra6+ Kd5 45. Ra7 Ke4 46. Ra8 Kf3 47. Rh8 Kg4 48. Rxh7 Bxg5 49. Bxg5 Kxg5 50. Rh8 Kf4 51. Kf2 f6 52. Rf8 Kg5 53. Rh8 Nd6 54. Ke3 Nc4+ 55. Ke4 Nxb2 56. h4+ Kg4 57. Rh6 f5+ 58. Ke3 Nc4+ 59. Kd4 Nxa3 60. Rxg6+ Kxh4 61. Ke3 Nc4+ 62. Kf4 Kh5 63. Rg5+ Kh6 64. Rxf5 a3 65. Rf8 a2 66. Ra8 Kg6 67. Ke4 Nb6 68. Ra6 Kf7 69. Ra3 Nc4 70. Ra7+ Ke6 71. Kd4 Nd6 72. Ra6 Kd7 73. Kc3 1-0